 Dungeon Sprint DCSS version 0.26-a0-712-ga5a9c9c9d0 (webtiles) character file.

Game seed: 4938459465617708101

2316 mhtbhm the Basher (level 9, -14/63 HPs)
             Began as a Gargoyle Fighter on Oct 31, 2020.
             Was a High Priest of Okawaru.
             Demolished by a boulder beetle (18 damage)
             ... in the Dungeon (Sprint IX: "|||||||||||||||||||||||||||||").
             The game lasted 00:01:26 (458 turns).

mhtbhm the Basher (Gargoyle Fighter)                 Turns: 458, Time: 00:01:26

Health: -14/63     AC: 27    Str: 23    XL:     9   Next: 41%
Magic:  7/10       EV: 11    Int:  9    God:    Okawaru [*****.]
Gold:   0          SH: 12    Dex: 12    Spells: 8/8 levels left

rFire    . . .     SeeInvis .   a - +2 morningstar (protect)
rCold    . . .     Faith    .   c - +0 kite shield
rNeg     + . .     Spirit   .   b - +1 scale mail
rPois    ∞         Reflect  .   o - +0 helmet
rElec    +         Harm     .   p - +0 cloak
rCorr    .         Rampage  .   (no gloves)
MR       .....     NoTele   +   (no boots)
Stlth    ..........             (no amulet)
HPRegen  0.20/turn              q - +2 ring of protection
MPRegen  0.12/turn              r - +3 ring of dexterity

@: protection aura
A: negative energy resistance 1, electricity resistance, unbreathing,
petrification resistance, rot immunity, AC +6
a: Heroism, Finesse, Renounce Religion


You were in the Dungeon.
You worshipped Okawaru.
Okawaru was extremely pleased with you.
You visited 1 branch

Inventory:

Hand Weapons
 a - a +2 morningstar of protection (weapon)
Armour
 b - a +1 scale mail (worn)
 c - a +0 kite shield (worn)
 o - a +0 helmet (worn)
 p - a +0 cloak (worn)
Jewellery
 q - a +2 ring of protection (left hand)
 r - a +3 ring of dexterity (right hand)
Wands
 n - a wand of iceblast (10)
Scrolls
 j - 2 scrolls of blinking
 l - 3 scrolls of remove curse
 m - 2 scrolls of amnesia
Potions
 d - a potion of might
 e - 5 potions of curing
 f - a potion of heal wounds
 g - a potion of haste
 h - 4 potions of magic
 k - a potion of invisibility


   Skills:
 + Level 10.3 Fighting
 + Level 12.8 Maces & Flails
 + Level 9.5 Armour
 + Level 4.2 Dodging
 + Level 0.6 Stealth
 + Level 11.3 Shields
 + Level 1.3 Invocations


You had 8 spell levels left.
You didn't know any spells.
Your spell library was empty.

Dungeon Overview and Level Annotations

Branches:
Dungeon (1/1)

Altars:
Cheibriados
Dithmenos
Elyvilon
Fedhas
Gozag
Hepliaklqana
Kikubaaqudgha
Makhleb
Nemelex Xobeh
Okawaru
Qazlal
Ru
Sif Muna
Trog
Uskayaw
Vehumet
Wu Jian
Xom
Yredelemnul
Zin
The Shining One
Beogh
Jiyva
Lugonu


Innate Abilities, Weirdness & Mutations

You are resistant to torment.
Your stone body is resilient. (AC +6)
You are immune to poison.
You resist negative energy. (rN+)
You are resistant to electric shocks. (rElec)
You can survive without breathing.
You are immune to petrification.
You are immune to rotting.


Message History

The boulder beetle barely misses you.
You hit the boulder beetle but do no damage.
The boulder beetle is moderately wounded.
The boulder beetle blinks!
You block the giant cockroach zombie's attack.
The boulder beetle curls into a ball and begins rolling!
Things that are here:
a +0 glaive; a +0 chain mail; an orc skeleton You puncture the giant cockroach zombie!
You destroy the giant cockroach zombie!
Okawaru accepts your kill.
You sock the boulder beetle!
The boulder beetle is moderately wounded.
The boulder beetle hits you!
* * * LOW HITPOINT WARNING * * *
The boulder beetle stops rolling and uncurls.
You sock the boulder beetle!
The boulder beetle is heavily wounded.
The boulder beetle bites you!!
You die...

▓)▓
▓.▓
▓.▓
▓[▓
▓.▓
▓.▓
▓.▓
▓)▓
▓@▓
▓B▓
▓°▓
▓.▓
▓.▓
▓.▓
▓†▓
▓.▓
▓.▓


You could see a boulder beetle.

Vanquished Creatures
  2 tengu warriors (D)
  An unseen horror (shapeshifter) (D)
  A wraith (D)
  An orc warrior (D)
  An ogre (D)
  A centaur (D)
  A wight (D)
  A quasit (D)
  A hound (D)
  An orc wizard (D)
  An orc (D)
  A bat (D)
  A giant cockroach (D)
  A hobgoblin (D)
  A jackal (D)
  A quokka (D)
  A ball python (D)
  2 frilled lizards (D)
  A giant cockroach zombie (D)
21 creatures vanquished.

Notes
Turn   | Place    | Note
-------+----------+-------------------------------------------
     0 | D        | mhtbhm the Gargoyle Fighter began the quest for the Orb.
     0 | D        | Reached XP level 1. HP: 14/14 MP: 1/1
    61 | D        | Noticed a centaur
    62 | D        | Reached skill level 3 in Maces & Flails
    62 | D        | Reached XP level 2. HP: 20/20 MP: 2/2
    72 | D        | Killed a centaur
    72 | D        | Reached skill level 5 in Fighting
    72 | D        | Reached skill level 4 in Maces & Flails
    72 | D        | Reached skill level 5 in Armour
    72 | D        | Reached skill level 5 in Shields
    72 | D        | Reached XP level 3. HP: 19/26 MP: 3/3
    72 | D        | Reached XP level 4. HP: 23/31 MP: 4/4
    79 | D        | Found a roughly hewn altar of Beogh.
    79 | D        | Found a snail-covered altar of Cheibriados.
    79 | D        | Found a shadowy altar of Dithmenos.
    79 | D        | Found a white marble altar of Elyvilon.
    79 | D        | Found a blossoming altar of Fedhas.
    79 | D        | Found an opulent altar of Gozag.
    80 | D        | Found a hazy altar of Hepliaklqana.
    81 | D        | Found a viscous altar of Jiyva.
    82 | D        | Found an ancient bone altar of Kikubaaqudgha.
    83 | D        | Found a corrupted altar of Lugonu.
    84 | D        | Found a burning altar of Makhleb.
    85 | D        | Found a sparkling altar of Nemelex Xobeh.
    86 | D        | Found an iron altar of Okawaru.
    87 | D        | Found a stormy altar of Qazlal.
    88 | D        | Found a sacrificial altar of Ru.
    89 | D        | Found a shimmering blue altar of Sif Muna.
    90 | D        | Found a bloodstained altar of Trog.
    91 | D        | Found a hide-covered altar of Uskayaw.
    92 | D        | Found a radiant altar of Vehumet.
    93 | D        | Found an ornate altar of the Wu Jian Council.
    94 | D        | Found a shimmering altar of Xom.
    95 | D        | Found a basalt altar of Yredelemnul.
    96 | D        | Found a glowing silver altar of Zin.
    97 | D        | Found a glowing golden altar of the Shining One.
   104 | D        | Became a worshipper of Warmaster Okawaru
   167 | D        | Noticed an ogre
   167 | D        | Noticed an orc warrior
   172 | D        | Reached skill level 5 in Maces & Flails
   172 | D        | Reached XP level 5. HP: 36/36 MP: 5/5
   184 | D        | Reached skill level 6 in Maces & Flails
   189 | D        | Killed an ogre
   189 | D        | Reached skill level 7 in Maces & Flails
   189 | D        | Reached skill level 1 in Dodging
   189 | D        | Reached XP level 6. HP: 26/44 MP: 6/6
   196 | D        | Killed an orc warrior
   196 | D        | Reached * piety under Okawaru
   196 | D        | Reached skill level 8 in Maces & Flails
   362 | D        | Noticed a harpy
   362 | D        | Noticed a boulder beetle
   362 | D        | Noticed a wraith
   362 | D        | Noticed a tengu warrior
   362 | D        | Noticed a tengu warrior
   363 | D        | a harpy changed into something unseen
   370 | D        | Killed an unseen horror
   370 | D        | Reached ** piety under Okawaru
   370 | D        | Reached *** piety under Okawaru
   370 | D        | Reached skill level 10 in Maces & Flails
   370 | D        | Reached XP level 7. HP: 50/50 MP: 7/7
   370 | D        | Reached XP level 8. HP: 56/56 MP: 8/8
   380 | D        | Killed a wraith
   380 | D        | Reached skill level 11 in Maces & Flails
   440 | D        | Killed a tengu warrior
   440 | D        | Reached **** piety under Okawaru
   440 | D        | Reached skill level 12 in Maces & Flails
   440 | D        | Reached skill level 10 in Shields
   440 | D        | Reached XP level 9. HP: 16/62 MP: 6/9
   450 | D        | Killed a tengu warrior
   450 | D        | Reached ***** piety under Okawaru
   450 | D        | Reached skill level 10 in Fighting
   450 | D        | Reached skill level 1 in Invocations
   458 | D        | Demolished by a boulder beetle

Illustrated notes

Levels and vault maps discovered:
D:        linesprint [early_d, line_temple, items_1, d_10, items_2, lair_1,
          lair_end, items_3, orc_1, orc_end, items_4, d_15, swamp_1, shoals_1,
          snake_1, spider_1, d_20, vaults_1, items_5, swamp_end, shoals_end,
          snake_end, spider_end, vaults_end, d_27, items_6, zot_1, zot_end,
          crypt_end, forest_end, elf_end, slime_end, tomb_end, abyss_end,
          pan_hell_end]

Skill      XL: |  1  2  3  4  5  6  7  8  9 |
---------------+----------------------------+-----
Maces & Flails | 3 4 5 7 10 12 | 12.8
Armour         | 5 7 8 9 |  9.5
Fighting       | 5 7 8 9 10 | 10.3
Shields        | 5 6 7 9 10 11 | 11.3
Dodging        | 1 2 3 4 |  4.2
Invocations    | 1 |  1.3
Stealth        | |  0.6

Action                   |  1- 3 |  4- 6 |  7- 9 || total
-------------------------+-------+-------+-------++-------
Melee: Flail             |    32 |     1 |       ||    33
       Morningstar       |       |    35 |    75 ||   110
Invok: Heroism           |       |       |     2 ||     2
  Use: Potion            |       |     1 |     2 ||     3
Armor: Scale mail        |    12 |    18 |    73 ||   103
Dodge: Dodged            |     2 |    10 |    36 ||    48
Block: Kite shield       |    19 |    14 |    58 ||    91

Table legend: (Time is in decaauts)
 A = Elapsed time spent in this place.
 B = Non-inter-level travel time spent in this place.
 C = Inter-level travel time spent in this place.
 D = Time resting spent in this place.
 E = Time spent auto-exploring this place.
 F = Levels seen in this place.
 G = Mean time per level.
                   A        B        C        D        E       F      G
               +--------+--------+--------+--------+--------+-----+--------+
         Total |    472 |    472 |      0 |    188 |      3 |   1 |  472.0 |
       Dungeon |    472 |    472 |      0 |    188 |      3 |   1 |  472.0 |
               +--------+--------+--------+--------+--------+-----+--------+

Top non-repeatable levels by time:
       D: 472 daAuts
